 Dungeon Crawl Stone Soup version 0.29-a0-887-gcbe080d7e0 (webtiles) character file.

Game seed: 16909947475446424344

12224 inmateoo the Cleaver (level 11, -2/97 HPs)
             Began as a Minotaur Fighter on July 22, 2022.
             Was a High Priest of Okawaru.
             Slain by a boulder beetle (22 damage)
             ... on level 11 of the Dungeon.
             The game lasted 00:10:42 (13427 turns).

inmateoo the Cleaver (Minotaur Fighter)            Turns: 13427, Time: 00:10:42

Health: -2/97      AC: 16    Str: 23    XL:     11   Next: 59%
Magic:  14/14      EV: 11    Int:  5    God:    Okawaru [*****.]
Gold:   730        SH:  6    Dex: 12    Spells: 10/10 levels left

rFire   + . .      SeeInvis .   m - +2 hand axe (elec)
rCold   + . .      Faith    .   c - +0 buckler
rNeg    . . .      Spirit   .   N - +0 chain mail {rC+}
rPois   .          Reflect  .   (helmet restricted)
rElec   .          Harm     .   L - +0 cloak
rCorr   .          Rampage  .   y - +0 pair of gloves
Will    .....                   o - +1 pair of boots
Stlth   ..........              (no amulet)
HPRegen 0.26/turn               f - ring of protection from fire
MPRegen 0.14/turn               (no ring)

@: no status effects
A: horns 2, retaliatory headbutt
a: Renounce Religion, Heroism, Finesse, Duel


You were on level 11 of the Dungeon.
You worshipped Okawaru.
Okawaru was extremely pleased with you.
You visited 2 branches of the dungeon, and saw 12 of its levels.
You visited the Abyss 1 time.
You also visited: Ossuary.

You collected 1025 gold pieces.
You spent 295 gold pieces at shops.

Inventory:

Hand Weapons
 m - a +2 hand axe of electrocution (weapon)
 G - a +3 scimitar of flaming
Missiles
 E - 2 throwing nets (quivered)
Armour
 c - a +0 buckler (worn)
 o - a +1 pair of boots (worn)
 y - a +0 pair of gloves (worn)
 L - a +0 cloak (worn)
 N - a +0 chain mail of cold resistance (worn)
Jewellery
 f - a ring of protection from fire (left hand)
Wands
 u - a wand of digging (4)
 C - a wand of iceblast (1)
 F - a wand of mindburst (9)
 J - a wand of flame (18)
Scrolls
 b - 3 scrolls of immolation
 h - 2 scrolls of teleportation
 i - a scroll of enchant weapon {unknown}
 k - a scroll of magic mapping
 r - a scroll of fog
 s - 2 scrolls of brand weapon
 t - 3 scrolls of enchant armour
 x - 3 scrolls of blinking
 B - 2 scrolls of amnesia
 D - a scroll of poison
Potions
 a - 2 potions of haste
 d - 3 potions of might
 e - 3 potions of brilliance
 g - 4 potions of invisibility
 j - a potion of ambrosia
 l - 2 potions of flight
 n - 3 potions of curing
 p - a potion of cancellation
 w - a potion of mutation
 z - 2 potions of lignification
 A - 2 potions of magic
 I - 3 potions of heal wounds


   Skills:
 + Level 9.3 Fighting
 * Level 12.3 Axes
 + Level 9.4 Armour
 + Level 7.8 Dodging
 + Level 9.4 Shields
 + Level 6.3 Invocations


You had 10 spell levels left.
You didn't know any spells.
Your spell library contained the following spells:

 Spells                   Type           Power      Damage    Failure   Level
 Apportation              Tloc           0%         N/A       98%         1
 Necrotise                Necr           0%         1d4       98%         1
 Conjure Flame            Conj/Fire      0%         6-21      100%        3
 Ignite Poison            Fire/Tmut/Pois 0%         N/A       100%        3
 Leda's Liquefaction      Hex/Erth       0%         N/A       100%        4
 Sticky Flame             Conj/Fire      0%         2d3       100%        4
 Lee's Rapid Deconstruct  Erth           0%         3d5*      100%        5
 Statue Form              Tmut/Erth      0%         N/A       100%        6
 Summon Small Mammal      Summ           Unusable   N/A       N/A         1
 Summon Ice Beast         Ice/Summ       Unusable   N/A       N/A         4
 Summon Forest            Summ/Tloc      Unusable   N/A       N/A         5
 Haunt                    Necr/Summ      Unusable   N/A       N/A         7

Dungeon Overview and Level Annotations

Branches:
Dungeon (11/15)            Temple (1/1) D:4            Lair (0/5) D:9
Ossuary (visited)
    Orc: D:9-12

Altars:
Ashenzari
Okawaru
Ru
Uskayaw
Xom
Yredelemnul

Shops:
D:5 *[*[   D:7 *   D:10 [

Annotations:
D:10 1 runed translucent door, Vorhees's ghost, novice DjHu


Innate Abilities, Weirdness & Mutations

You have a pair of horns on your head.
You reflexively headbutt those who attack you in melee.


Message History

You throw a throwing net.
The throwing net hits the boulder beetle.
The boulder beetle is caught in the net!
The boulder beetle struggles against the net. x2
You hit the boulder beetle but do no damage.
Lightning courses through the boulder beetle!
The boulder beetle is lightly wounded.
The boulder beetle struggles against the net. x2
You hit the boulder beetle but do no damage.
You headbutt the boulder beetle, but do no damage.
The boulder beetle is lightly wounded.
The boulder beetle struggles against the net.
The net rips apart, and the boulder beetle comes free!
You hit the boulder beetle but do no damage.
Lightning courses through the boulder beetle!
You headbutt the boulder beetle!
The boulder beetle is moderately wounded.
The boulder beetle hits you!!
The boulder beetle stops rolling and uncurls.
You hit the boulder beetle but do no damage.
Your headbutt misses the boulder beetle.
The boulder beetle is moderately wounded.
The boulder beetle bites you.
You hit the boulder beetle. You headbutt the boulder beetle!
The boulder beetle is heavily wounded.
You are too injured to fight recklessly!
You hit the boulder beetle but do no damage.
The boulder beetle is heavily wounded.
The boulder beetle bites you!
You are too injured to fight recklessly!
You hit the boulder beetle but do no damage.
The boulder beetle is heavily wounded.
The boulder beetle bites you!
* * * LOW HITPOINT WARNING * * *
You are too injured to fight recklessly!
You hit the boulder beetle but do no damage.
You headbutt the boulder beetle!
The boulder beetle is severely wounded.
The boulder beetle bites you!!
You die...

.............
............ ...........
#........# $.......#
.......# .. #....[.+
#.....# #......#
#.....##########@.####..
#..............B..#
#.................# ..
#)................#.+ ..
#...................# ..
#................#+## ..
#..........####### ..
#...###'#..# ..
#...#...#..#### ..


You could see a boulder beetle.

Vanquished Creatures
  Josephine (D:10)
  Erica (D:9)
  Lodul (D:10)
  Pikel (D:7)
  A manticore (D:11)
  An unseen horror (D:10)
  2 trolls
  Sigmund (D:3)
  A vampire (D:9)
  A ynoxinul (Abyss:1)
  4 wyverns (D:9)
  A shadow (D:9)
  5 wraiths (D:9)
  12 yaks
  Eustachio (D:5)
  A steam dragon (D:8)
  Menkaure (D:7)
  Edmund (D:5)
  4 water moccasins (D:9)
  3 orc warriors
  2 black bears
  2 ice beasts
  7 ogres
  3 centaurs
  A lemure (D:7)
  A kobold brigand (D:10)
  A gnoll sergeant (D:9)
  2 necrophages (D:6)
  A bullfrog (D:8)
  8 wights (D:10)
  17 killer bees
  2 electric eels (D:9)
  5 howler monkeys
  3 jellies
  3 hounds
  2 gnoll boudas
  2 orc priests
  Natasha (thrice) (D:3)
  4 iguanas
  6 orc wizards
  8 mummies (Ossuary)
  17 gnolls
  12 adders
  A shadow imp (D:8)
  2 white imps
  2 dart slugs (D:1)
  35 orcs
  10 ball pythons
  4 bats
  8 endoplasms
  3 giant cockroaches (D:4)
  7 goblins
  3 hobgoblins
  6 jackals
  2 quokkas (D:2)
  5 frilled lizards
  A gnoll zombie (Ossuary)
  2 hobgoblin zombies (Ossuary)
  10 kobolds
  A kobold zombie (Ossuary)
  4 orc zombies (Ossuary)
  9 rats
271 creatures vanquished.

Vanquished Creatures (others)
  A fungus (D:9)
  3 plants (D:9)
4 creatures vanquished.

Grand Total: 275 creatures vanquished

Notes
Turn   | Place    | Note
-------+----------+-------------------------------------------
     0 | D:1      | inmateoo the Minotaur Fighter began the quest for the Orb.
     0 | D:1      | Reached XP level 1. HP: 19/19 MP: 0/0
   267 | D:1      | Reached XP level 2. HP: 27/27 MP: 1/1
   519 | D:1      | Reached skill level 3 in Axes
   561 | D:1      | Reached skill level 1 in Dodging
   592 | D:1      | Reached XP level 3. HP: 26/33 MP: 2/2
  1188 | D:2      | Reached XP level 4. HP: 12/40 MP: 3/3
  1842 | D:3      | Noticed Natasha
  1850 | D:3      | Killed Natasha
  1851 | D:3      | Reached skill level 4 in Axes
  1852 | D:3      | Reached XP level 5. HP: 36/46 MP: 4/4
  2021 | D:3      | Noticed Natasha
  2028 | D:3      | Killed Natasha
  2148 | D:3      | Noticed Sigmund
  2149 | D:3      | Noticed Natasha
  2156 | D:3      | Killed Sigmund
  2157 | D:3      | Reached skill level 5 in Axes
  2157 | D:3      | Reached XP level 6. HP: 48/53 MP: 5/5
  2164 | D:3      | Killed Natasha
  2926 | D:4      | Reached skill level 5 in Armour
  2951 | Abyss:1  | Cast into level 1 of the Abyss (orc)
  2952 | Abyss:1  | Reached skill level 5 in Shields
  2998 | Abyss:1  | Noticed a ynoxinul
  3006 | Abyss:1  | Killed a ynoxinul
  3007 | Abyss:1  | Reached skill level 5 in Fighting
  3007 | Abyss:1  | Reached XP level 7. HP: 58/61 MP: 6/6
  3011 | D:4      | Escaped the Abyss
  3048 | D:4      | Got the Verses on the Creative Traveller
  3251 | D:4      | Found a staircase to the Ecumenical Temple.
  3262 | D:4      | Reached skill level 6 in Axes
  3267 | Temple   | Entered the Ecumenical Temple
  3325 | Temple   | Became a worshipper of Warmaster Okawaru
  3562 | D:5      | Entered Level 5 of the Dungeon
  3676 | D:5      | Reached skill level 1 in Invocations
  3903 | D:5      | Noticed Eustachio
  3911 | D:5      | Killed Eustachio
  3911 | D:5      | Reached * piety under Okawaru
  3912 | D:5      | Reached XP level 8. HP: 69/69 MP: 6/8
  4069 | D:5      | Reached skill level 7 in Axes
  4204 | D:5      | Noticed Edmund
  4210 | D:5      | Killed Edmund
  4260 | D:5      | Found Puadauq's Assorted Antiques.
  4262 | D:5      | Found Acluco's Armour Boutique.
  4263 | D:5      | Found Ychoarph's Armour Boutique.
  4263 | D:5      | Found Juoho's Assorted Antiques.
  4427 | D:5      | Bought a potion of curing for 72 gold pieces
  4427 | D:5      | Bought a pair of gloves for 108 gold pieces
  4985 | D:7      | Found a sand-covered staircase.
  4987 | D:7      | Noticed Pikel
  5007 | D:7      | Killed Pikel
  5007 | D:7      | Reached ** piety under Okawaru
  5008 | D:7      | Reached skill level 8 in Axes
  5209 | Ossuary  | Entered an ossuary
  5224 | Ossuary  | Reached XP level 9. HP: 78/78 MP: 10/10
  5557 | D:7      | Reached skill level 5 in Dodging
  5707 | D:7      | Found Penymn's Assorted Antiques.
  5960 | D:7      | Reached *** piety under Okawaru
  5961 | D:7      | Reached skill level 9 in Axes
  6328 | D:7      | Noticed Menkaure
  6549 | D:7      | Killed Menkaure
  7232 | D:8      | Found a hide-covered altar of Uskayaw.
  7597 | D:9      | HP: 3/118 [something (8)]
  7608 | D:9      | HP: 2/118 [something (8)]
  7616 | D:9      | HP: 1/118 [something (5)]
  7933 | D:9      | Found a staircase to the Lair.
  7947 | D:9      | Reached **** piety under Okawaru
  7948 | D:9      | Reached XP level 10. HP: 75/86 MP: 12/12
  7956 | D:9      | Reached skill level 10 in Axes
  7984 | D:8      | HP: 4/88 [yak (5)]
  8359 | D:9      | Reached ***** piety under Okawaru
  8746 | D:9      | Reached skill level 5 in Invocations
  9141 | D:9      | Noticed Erica
  9164 | D:9      | Killed Erica
  9164 | D:9      | Identified the +5 ring mail "Put-Me-On" {Rampage} (Okawaru
                  | gifted it to you on level 9 of the Dungeon)
  9164 | D:9      | Received a gift from Okawaru
  9165 | D:9      | Reached skill level 11 in Axes
 10818 | D:9      | Reached XP level 11. HP: 95/95 MP: 14/14
 10924 | D:10     | Entered Level 10 of the Dungeon
 10924 | D:10     | Noticed Josephine
 11355 | D:10     | Killed Josephine
 11732 | D:10     | Found a runed translucent door.
 11732 | D:10     | Noticed Vorhees's ghost (novice DjHu)
 11929 | D:10     | Found a shimmering altar of Xom.
 12112 | D:10     | Found Biammego's Armour Shop.
 12135 | D:10     | Bought a +0 chain mail of cold resistance for 115 gold
                  | pieces
 12306 | D:10     | Noticed Lodul
 12535 | D:9      | Reached skill level 12 in Axes
 12820 | D:10     | Killed Lodul
 13039 | D:11     | Noticed an eight-headed hydra
 13039 | D:11     | Noticed a boulder beetle
 13427 | D:11     | Slain by a boulder beetle

Illustrated notes

Levels and vault maps discovered:
D:1:      amcnicky_arrival_feature_with_door, layout_basic, st_stairs_10,
          hangedman_decor_push
D:2:      layout_loops_ring
D:3:      layout_basic, uniq_natasha, uniq_sigmund
D:4:      layout_cave_pools, minmay_temple_entry_stoned_glass
D:5:      layout_loops_ring, roderic_roman_lattice, nrook_pool_corridor,
          nicolae_wooded_promenade, minmay_bent, uniq_edmund, uniq_eustachio
D:6:      layout_rooms
D:7:      layout_cave_pods, nicolae_ossuary_entry_plus, serial_shops,
          nicolae_shop_statue_plus, nrook_mini_vaults, uniq_pikel, uniq_menkaure
D:8:      layout_basic, eat_drink_and_be_merry_uskayaw
D:9:      layout_layer_cave, minmay_lair_entry_grove, nicolae_eternal_life,
          serial_bayou_ford_a, nicolae_water_bricks, uniq_erica
D:10:     layout_grid_maze, xom_teletrap_fun, serial_shops, shop,
          gammafunk_ghost_grave, uniq_lodul, uniq_josephine
D:11:     minmay_goldmine, layout_irregular_city, serial_park_tiny_2,
          minmay_liquid_box, kennysheep_another_room
Temple:   mainiacjoe_temple_cubbyholes

Skill      XL: |  1  2  3  4  5  6  7  8  9 10 11 |
---------------+----------------------------------+-----
Axes           | 3 4 5 6 8 9 11 12 | 12.3
Dodging        | 1 2 3 4 6 7 |  7.8
Shields        | 4 5 6 7 8 9 |  9.4
Armour         | 4 5 6 7 8 9 |  9.4
Fighting       | 4 5 6 7 8 9 |  9.3
Invocations    | 1 3 4 5 6 |  6.3

Action                   |  1- 3 |  4- 6 |  7- 9 | 10-12 || total
-------------------------+-------+-------+-------+-------++-------
Melee: War axe           |    79 |    97 |     5 |       ||   181
       Headbutt          |    13 |     9 |    59 |    64 ||   145
       Hand axe          |       |       |   324 |   255 ||   579
Throw: Throwing net      |       |       |       |     2 ||     2
Invok: Heroism           |       |       |       |     1 ||     1
Evoke: Wand              |       |       |       |     8 ||     8
  Use: Scroll            |     1 |     3 |    17 |     6 ||    27
       Potion            |       |       |     6 |     1 ||     7
 Stab: Held in net/web   |       |       |       |     1 ||     1
Armor: Scale mail        |    42 |    48 |    16 |       ||   106
       Chain mail        |       |       |   114 |   153 ||   267
       Skin              |       |       |    23 |     4 ||    27
Dodge: Dodged            |    35 |    58 |    94 |   139 ||   326
Block: Buckler           |    17 |    27 |    78 |    67 ||   189

Table legend: (Time is in decaauts)
 A = Elapsed time spent in this place.
 B = Non-inter-level travel time spent in this place.
 C = Inter-level travel time spent in this place.
 D = Time resting spent in this place.
 E = Time spent auto-exploring this place.
 F = Levels seen in this place.
 G = Mean time per level.
                   A        B        C        D        E       F      G
               +--------+--------+--------+--------+--------+-----+--------+
         Total |  13483 |  13150 |    333 |   4903 |   6201 |  14 |  963.1 |
       Dungeon |  13016 |  12707 |    309 |   4805 |   6011 |  11 | 1183.3 |
        Temple |     82 |     58 |     24 |      0 |     47 |   1 |   82.0 |
         Abyss |     61 |     61 |      0 |      0 |     44 |   1 |   61.0 |
       Ossuary |    323 |    323 |      0 |     98 |     99 |   1 |  323.0 |
               +--------+--------+--------+--------+--------+-----+--------+

Top non-repeatable levels by time:
     D:9: 3526 daAuts
     D:8: 1669 daAuts
     D:7: 1339 daAuts
    D:10: 1202 daAuts
     D:3: 1107 daAuts
     D:5: 988 daAuts
     D:1: 960 daAuts
     D:2: 914 daAuts
     D:4: 572 daAuts
     D:6: 494 daAuts
 Ossuary: 323 daAuts
    D:11: 240 daAuts
  Temple: 82 daAuts
 Abyss:1: 61 daAuts
